details: 'master degree microbiologist rage'

« prev index next »

General information

Mini Map

Players

team 1
Random» NightElfHEREweG0again (green | 37 APM | 236 actions | 06:24)
Hero icon 1 Dark Ranger
Ability icon 1 Black Arrow

» actions
Assign group hotkey11
Basic commands26
Build / train22
Enter build submenu7
Enter hero's abilities submenu1
Right click34
Select / deselect68
Select group hotkey55
Use ability12
236 total
» units
Wisp13
Archer6
19 total
» buildings
Moon Well3
Ancient of War2
Altar of Elders1
Tree of Ages1
Hunter's Hall1
8 total
» build order
00:20 Moon Well
01:30 Ancient of War
01:32 Ancient of War
01:51 Moon Well
01:57 Altar of Elders
02:21 Moon Well
03:21 Tree of Ages
04:31 Hunter's Hall
Random» OrcP3nis4UrMom (blue | 30 APM | 203 actions | 06:46)
Hero icon 1 Far Seer
Ability icon 1 Feral Spirit

» actions
Basic commands23
Build / train28
Enter build submenu8
Enter hero's abilities submenu1
Right click55
Select / deselect70
Use ability18
203 total
» units
Peon26
26 total
» buildings
Orc Burrow4
War Mill1
Altar of Storms1
Watch Tower1
7 total
» build order
00:39 Orc Burrow
01:08 War Mill
01:39 Orc Burrow
02:14 Altar of Storms
03:01 Orc Burrow
04:11 Orc Burrow
04:57 Watch Tower
HumanTodayGreatest (teal | 85 APM | 2856 actions | 33:40)
Hero icon 10 Archmage
Ability icon 3 Summon Water Elemental
Ability icon 3 Brilliance Aura
Ability icon 1 Mass Teleport
Ability icon 3 Blizzard

» actions
Assign group hotkey270
Basic commands58
Build / train80
Enter build submenu56
Enter hero's abilities submenu10
Give item / drop item6
Remove unit from queue3
Right click1061
Select / deselect384
Select group hotkey766
Use ability162
2856 total
» units
Peasant14
Footman4
Goblin Shredder2
Dragonhawk Rider6
Gryphon Rider2
Goblin Zeppelin2
Bronze Dragon1
31 total
» upgrades
Masonry3
Swords3
Armor3
Animal War Training1
Cloud1
Storm Hammers1
12 total
» buildings
Altar of Kings2
Barracks2
Farm11
Keep1
Town Hall3
Lumber Mill1
Scout Tower29
Guard Tower6
Castle1
Arcane Vault3
Blacksmith2
Gryphon Aviary4
Arcane Tower1
66 total
» build order
00:39 Altar of Kings
00:40 Barracks
00:54 Altar of Kings
00:55 Barracks
01:02 Farm
01:05 Farm
01:06 Farm
02:47 Farm
03:44 Keep
04:36 Town Hall
04:49 Lumber Mill
04:57 Scout Tower
05:05 Scout Tower
05:09 Scout Tower
05:11 Scout Tower
06:03 Guard Tower
06:22 Castle
07:28 Arcane Vault
07:30 Blacksmith
07:31 Blacksmith
07:37 Arcane Vault
09:23 Gryphon Aviary
09:23 Gryphon Aviary
09:25 Gryphon Aviary
09:26 Gryphon Aviary
09:56 Scout Tower
09:56 Scout Tower
09:57 Scout Tower
09:58 Scout Tower
09:59 Scout Tower
10:02 Scout Tower
10:58 Guard Tower
11:01 Arcane Tower
11:23 Farm
11:35 Farm
11:36 Farm
11:36 Farm
11:50 Farm
11:56 Farm
14:54 Scout Tower
14:56 Scout Tower
14:56 Scout Tower
14:57 Scout Tower
14:59 Scout Tower
18:00 Town Hall
19:33 Scout Tower
19:33 Scout Tower
19:34 Scout Tower
19:34 Scout Tower
19:34 Scout Tower
19:35 Scout Tower
19:36 Scout Tower
19:36 Scout Tower
19:36 Scout Tower
20:22 Scout Tower
20:23 Scout Tower
20:27 Scout Tower
20:28 Scout Tower
20:28 Scout Tower
20:32 Guard Tower
21:00 Guard Tower
21:20 Arcane Vault
21:44 Guard Tower
22:12 Guard Tower
22:12 Guard Tower
22:50 Farm
23:22 Town Hall
» items
Scroll of Regeneration3
Scroll of Town Portal3
Potion of Healing2
Mechanical Critter5
13 total
Orcfredwar (red | 34 APM | 620 actions | 18:30)
Hero icon 3 Shadow Hunter
Ability icon 2 Healing Wave
Ability icon 1 Serpent Ward
Hero icon 1 Dark Ranger
Ability icon 1 Life Drain

» actions
Build / train72
Enter build submenu24
Enter hero's abilities submenu4
Remove unit from queue9
Right click195
Select / deselect265
Use ability51
620 total
» units
Peon13
Grunt3
Troll Headhunter/Berserker3
Huntress4
Wind Rider-2
Kodo Beast-1
Troll Batrider15
Wisp2
Hippogryph7
Chimaera4
48 total
» upgrades
Melee Weapons1
Armor2
Ranged Weapons3
6 total
» buildings
Altar of Storms1
Orc Burrow8
Barracks2
Voodoo Lounge1
War Mill1
Stronghold2
Beastiary2
Great Hall2
Tree of Eternity1
Moon Well3
Ancient of Wind1
Chimaera Roost2
Fortress1
27 total
» build order
00:19 Altar of Storms
00:23 Orc Burrow
01:23 Barracks
01:47 Orc Burrow
02:29 Voodoo Lounge
02:35 War Mill
03:04 Orc Burrow
03:38 Orc Burrow
04:12 Orc Burrow
05:32 Stronghold
05:40 Orc Burrow
07:55 Beastiary
07:58 Beastiary
08:45 Great Hall
08:57 Great Hall
09:34 Tree of Eternity
09:41 Moon Well
09:51 Moon Well
09:58 Orc Burrow
12:08 Ancient of Wind
12:13 Moon Well
12:19 Orc Burrow
14:32 Chimaera Roost
14:37 Chimaera Roost
15:15 Stronghold
15:20 Barracks
16:57 Fortress
team 2
Random» Undeadvividrage (pink | 1 APM | 15 actions | 15:50)

» actions
Build / train2
Enter build submenu1
Right click5
Select / deselect6
Use ability1
15 total
» units
Acolyte2
2 total
» buildings
Ziggurat1
1 total
» build order
00:10 Ziggurat
OrcHyunA.77 (orange | 86 APM | 2531 actions | 29:25)
Hero icon 5 Tauren Chieftain
Ability icon 3 Shockwave
Ability icon 2 Endurance Aura
Hero icon 4 Pandaren Brewmaster
Ability icon 2 Breath of Fire
Ability icon 2 Drunken Haze

» actions
Assign group hotkey34
Basic commands20
Build / train81
ESC pressed2
Enter build submenu28
Enter hero's abilities submenu9
Give item / drop item2
Right click765
Select / deselect547
Select group hotkey961
Use ability82
2531 total
» units
Peon6
Goblin Shredder3
Shaman9
Tauren4
Troll Witch Doctor7
Troll Batrider13
42 total
» upgrades
Shaman Training2
Melee Weapons3
Armor3
Pulverize1
Witch Doctor Training2
Reinforced Defenses1
Ranged Weapons1
Liquid Fire1
14 total
» buildings
Stronghold5
Altar of Storms1
Orc Burrow7
Fortress1
Spirit Lodge2
Voodoo Lounge2
War Mill3
Tauren Totem2
Watch Tower6
Beastiary3
32 total
» build order
01:19 Stronghold
01:19 Stronghold
01:20 Stronghold
01:25 Altar of Storms
01:46 Orc Burrow
02:12 Orc Burrow
05:42 Fortress
05:50 Spirit Lodge
06:07 Voodoo Lounge
06:11 Voodoo Lounge
06:36 Spirit Lodge
06:50 Orc Burrow
07:22 Orc Burrow
07:24 Orc Burrow
07:29 Orc Burrow
07:51 War Mill
09:04 Tauren Totem
09:04 Tauren Totem
11:58 Orc Burrow
17:02 Watch Tower
17:04 Watch Tower
17:05 Watch Tower
17:08 Watch Tower
17:11 Watch Tower
17:51 Watch Tower
19:28 Beastiary
19:33 Beastiary
19:36 Beastiary
20:38 War Mill
21:05 War Mill
» items
Healing Salve2
Orb of Lightning2
Tiny Great Hall1
5 total
HumanLegioXGemina (yellow | 82 APM | 2758 actions | 33:41)
Hero icon 6 Archmage
Ability icon 3 Summon Water Elemental
Ability icon 2 Brilliance Aura
Ability icon 1 Mass Teleport

» actions
Assign group hotkey42
Basic commands340
Build / train137
ESC pressed7
Enter build submenu50
Enter hero's abilities submenu6
Give item / drop item3
Right click882
Select / deselect477
Select group hotkey701
Use ability113
2758 total
» units
Peasant32
Footman11
Goblin Shredder1
Dragonhawk Rider12
Gryphon Rider7
63 total
» upgrades
Swords3
Masonry3
Lumber Harvesting2
Armor3
Animal War Training1
Storm Hammers1
Cloud1
Plating3
Gunpowder2
Backpack1
Defend1
Long Rifles1
Spiked Barricades1
23 total
» buildings
Altar of Kings1
Barracks1
Farm7
Arcane Vault1
Town Hall3
Scout Tower25
Arcane Tower1
Lumber Mill1
Keep2
Blacksmith1
Castle2
Guard Tower30
Gryphon Aviary4
79 total
» build order
00:11 Altar of Kings
00:12 Barracks
00:16 Farm
00:58 Farm
01:35 Farm
02:04 Arcane Vault
02:45 Farm
04:02 Town Hall
04:09 Scout Tower
04:42 Farm
04:44 Arcane Tower
05:58 Farm
06:09 Lumber Mill
06:29 Keep
06:29 Keep
06:35 Blacksmith
06:40 Farm
08:49 Scout Tower
08:50 Scout Tower
08:52 Scout Tower
08:54 Scout Tower
08:59 Scout Tower
09:11 Castle
09:32 Scout Tower
10:01 Guard Tower
10:01 Guard Tower
10:03 Town Hall
10:21 Gryphon Aviary
10:25 Gryphon Aviary
10:27 Guard Tower
10:49 Gryphon Aviary
10:51 Gryphon Aviary
13:30 Town Hall
13:32 Scout Tower
13:34 Scout Tower
13:35 Scout Tower
13:37 Scout Tower
13:45 Scout Tower
13:47 Scout Tower
13:49 Scout Tower
13:52 Scout Tower
14:00 Guard Tower
14:34 Guard Tower
14:34 Guard Tower
15:04 Guard Tower
15:05 Guard Tower
15:59 Scout Tower
15:59 Scout Tower
16:00 Scout Tower
16:01 Scout Tower
16:03 Scout Tower
16:04 Scout Tower
16:25 Guard Tower
16:26 Guard Tower
16:27 Guard Tower
16:27 Guard Tower
16:28 Guard Tower
16:28 Guard Tower
16:30 Guard Tower
16:30 Guard Tower
16:32 Scout Tower
16:34 Scout Tower
16:56 Guard Tower
16:56 Guard Tower
17:02 Guard Tower
17:03 Guard Tower
17:03 Guard Tower
21:55 Scout Tower
21:57 Scout Tower
22:53 Guard Tower
» items
Scroll of Regeneration2
Potion of Healing2
4 total
HumanKOKID (purple | 19 APM | 647 actions | 33:16)
Hero icon 5 Paladin
Ability icon 3 Holy Light
Ability icon 2 Devotion Aura

» actions
Assign group hotkey4
Basic commands29
Build / train61
Enter build submenu17
Enter hero's abilities submenu5
Right click204
Select / deselect290
Select group hotkey3
Use ability34
647 total
» units
Peasant13
Goblin Zeppelin1
Gryphon Rider9
23 total
» upgrades
Lumber Harvesting2
Swords2
Storm Hammers1
Armor1
6 total
» buildings
Altar of Kings1
Farm12
Lumber Mill1
Keep2
Blacksmith1
Arcane Vault1
Castle2
Guard Tower8
Gryphon Aviary3
31 total
» build order
00:06 Altar of Kings
00:18 Farm
00:42 Farm
01:25 Lumber Mill
02:03 Keep
02:03 Keep
02:14 Blacksmith
03:26 Farm
03:34 Arcane Vault
04:25 Castle
04:25 Castle
05:14 Guard Tower
05:14 Guard Tower
05:15 Guard Tower
05:18 Guard Tower
05:18 Guard Tower
05:19 Guard Tower
06:12 Gryphon Aviary
06:14 Gryphon Aviary
06:55 Gryphon Aviary
09:38 Farm
09:41 Farm
09:43 Farm
11:53 Farm
13:27 Farm
13:29 Farm
13:31 Farm
15:55 Farm
15:56 Farm
» items
Scroll of Regeneration1
Ivory Tower7
Orb of Fire1
9 total

Chat log

(00:14 / Allies) HyunA.77: any melee
(00:18 / Allies) LegioXGemina: i got air
(00:20 / Allies) LegioXGemina: you guys get melee
(00:24 / Allies) HyunA.77: ok

(01:26 / All) TodayGreatest: TODAY IS THE GREATEST
(01:31 / All) TodayGreatest: TODAY IS THE GREATEST DAY I'VE EVER KNOWN!

(02:58 / All) HEREweG0again: yes that is part of the game
(03:12 / All) HEREweG0again: how'd you know i like dick
(04:00 / All) P3nis4UrMom: I know
(04:03 / All) P3nis4UrMom: me too
(04:14 / All) HEREweG0again: we have diseases
(04:22 / All) P3nis4UrMom: yep
(04:25 / All) P3nis4UrMom: I like STS
(04:28 / All) P3nis4UrMom: STDs
(05:04 / All) P3nis4UrMom: I like to play WC

(06:41 / All) P3nis4UrMom: enjoy ur day\
(06:43 / All) P3nis4UrMom: cunt
(07:40 / Allies) LegioXGemina: Purple
(07:45 / Allies) HyunA.77: yes?
(07:47 / Allies) LegioXGemina: What about I have air and you guys get ground do you not understand?
(08:16 / Allies) LegioXGemina: Gonna expo at pink since he's afk
(08:34 / Allies) vividrage: lah lah lah
(08:44 / Allies) vividrage: hey hey
(08:50 / Allies) HyunA.77: lol
(09:01 / Allies) vividrage: uhmmm...
(09:10 / Allies) LegioXGemina: Thanks for being afk bro
(09:20 / Allies) vividrage: im not
(09:26 / Allies) LegioXGemina: Now you are
(09:29 / Allies) KOKID: pink you haven't done shit
(09:37 / Allies) HyunA.77: a new strat
(09:43 / Allies) vividrage: lol i know
(09:46 / Allies) LegioXGemina: Purple, you are going air after I told you I had air
(09:48 / Allies) LegioXGemina: do not talk back to him
(09:53 / Allies) KOKID: stfu yellow
(09:55 / Allies) LegioXGemina: since hei s af ree expo
(10:00 / Allies) KOKID: this is an air map dumbfuck
(10:16 / All) TodayGreatest: the world is a vampire sent to draiiiin
(10:18 / Allies) LegioXGemina: It's an air map if all you can do is mass air
(10:35 / Allies) KOKID: you're bad we get it
(10:40 / Allies) LegioXGemina: What's your apm?
(10:42 / Allies) vividrage: need gold anyone
(10:46 / Allies) LegioXGemina: sure bro
(10:53 / Allies) vividrage: no not u
(10:58 / Allies) LegioXGemina: you said anyone
(11:16 / Allies) vividrage: happy
(11:20 / Allies) LegioXGemina: no
(11:22 / Allies) KOKID: and you're slow as fuck getting air christ
(11:27 / Allies) LegioXGemina: I fast expoed
(11:29 / Allies) LegioXGemina: you can't both expo and tech
(11:34 / Allies) LegioXGemina: even grubby says that
(11:41 / Allies) KOKID: nerd out more bro
(11:49 / Allies) LegioXGemina: nerd implies smart
(12:08 / Allies) KOKID: yeah so you got lots of "smarts" in wc3 grats
(12:16 / Allies) LegioXGemina: are you in university?
(12:25 / Allies) KOKID: serves you well in IRL I bet
(12:32 / Allies) LegioXGemina: are you in uni?
(13:04 / Allies) KOKID: graduated a long time ago. Got a masters thanks
(13:08 / Allies) LegioXGemina: in what?
(13:16 / Allies) KOKID: Microbiology.
(13:26 / Allies) LegioXGemina: are you a woman
(13:35 / Allies) KOKID: lol says the nerd
(13:42 / Allies) LegioXGemina: biology is a subject for women
(13:57 / Allies) KOKID: have you even had sex before?
(14:02 / Allies) KOKID: just curious
(14:03 / Allies) LegioXGemina: yeah
(14:07 / Allies) vividrage: no
(14:08 / Allies) LegioXGemina: what was your first girl's name?
(14:12 / Allies) KOKID: you're brother doesn't count
(14:17 / Allies) LegioXGemina: *your
(14:22 / Allies) LegioXGemina: for a microbiology student you are dumb
(14:24 / Allies) KOKID: my bad grammer police
(14:29 / Allies) LegioXGemina: *grammar
(14:31 / Allies) LegioXGemina: bad spelling too
(14:34 / Allies) KOKID: lol
(14:35 / Allies) KOKID: whoops
(14:40 / Allies) KOKID: english major there?
(14:45 / Allies) KOKID: gl with the local paper
(14:51 / All) LegioXGemina: purple says he is a microbiology masters student and cannot spell grammar
(15:00 / Allies) KOKID: god you are mad
(15:03 / Allies) KOKID: so funny
(15:13 / All) TodayGreatest: plausible
(15:16 / Allies) LegioXGemina: you are over 50 food on an attrition map
(15:20 / All) LegioXGemina: he is a legit player
(15:26 / All) LegioXGemina: no expos and over 50 food on this map
(15:27 / All) TodayGreatest: a lot of scientists/doctors have shit language skills
(15:28 / Allies) KOKID: lol nerding more

(16:41 / Allies) LegioXGemina: nice
(16:48 / Allies) LegioXGemina: you left a gryphon behind
(17:30 / Allies) LegioXGemina: so pro
(18:13 / Allies) LegioXGemina: are you feeling pro
(18:15 / Allies) LegioXGemina: purple?
(18:23 / Allies) LegioXGemina: your masters in microbiology worked well for your wc3 and English skills
(18:31 / Allies) LegioXGemina: being good at video games only means you have to be smart
(18:33 / Allies) LegioXGemina: I barely play this game
(18:47 / Allies) LegioXGemina: nice 2/1
(18:49 / Allies) LegioXGemina: sick upgrading

(20:27 / All) LegioXGemina: purple is afk probably masturbating in his room

(21:57 / Allies) HyunA.77: from wining to losing?
(22:20 / All) LegioXGemina: The game was rigged from the start
(22:28 / Allies) HyunA.77: it wasnt
(22:31 / Allies) HyunA.77: we are winning
(22:31 / All) LegioXGemina: yes it was
(22:34 / All) LegioXGemina: teal is my accomplice
(22:37 / All) LegioXGemina: it was rigged
(22:40 / All) LegioXGemina: sorry, you never had a chance
(22:50 / All) LegioXGemina: yeah, send those bats to him so he gets some xp

(24:35 / All) LegioXGemina: Purple, for such a brilliant microbiology student, sure cares about his WC3 record to be afking
(24:54 / All) HyunA.77: free win
(25:02 / All) LegioXGemina: He is 0-0 like me
(25:04 / All) LegioXGemina: He doesn't care
(25:08 / All) LegioXGemina: We are arranged team vs random team stabbers

(29:01 / Allies) HyunA.77: wow, still havent end yet
(29:03 / Allies) HyunA.77: nvm
(29:05 / Allies) HyunA.77: u enjoy
(29:07 / All) LegioXGemina: Our team gets the loss son
(29:17 / Allies) HyunA.77: doesnt matter to me
(29:21 / Allies) HyunA.77: as long as u are happy
(29:25 / All) LegioXGemina: then leave and find a different game
(29:28 / All) LegioXGemina: damn straight
(30:23 / All) LegioXGemina: This game was really easy
(30:27 / All) LegioXGemina: almost too easy of a stab

(31:39 / All) TodayGreatest: Bronze dragon
(32:35 / All) TodayGreatest: I laggy
(32:39 / All) LegioXGemina: I'm almost done
(32:43 / All) TodayGreatest: better hurry
(33:04 / All) TodayGreatest: a moving chims
(33:13 / All) KOKID: Rofl just get back and see yellow killed himself. Get a life nerd.
(33:21 / All) LegioXGemina: my side gets the loss
(33:23 / All) LegioXGemina: he was a retard
(33:29 / All) TodayGreatest: you were the whole time